AoeStats
← Jan Itor

Arena

510186726Analyzed
4v4 RM · 1d ago on Sep 29, 2026· 46m 26s· 8 players
Game mode
Random Map
Map size
Large (8 player)
Population
200
Speed
Normal
Resources
Standard
Victory
Conquest
Starting age
Dark Age
Ending age
Imperial Age
RankedLock teamsTeams togetherTeam positionsShared explorationLock speedFull tech treeHidden civsTurbo modeCheats
Victory
Defeat
🇹🇼 Poles · Taiwan
1954
+8
🇹🇼 Danes · Taiwan
1907
+9
🇹🇼 Turks · Taiwan
1905
+9
🇹🇼 Spanish · Taiwan
1858
+11
🇩🇪 Danes · Germany
1863
-13
🇦🇺 Varangians · Australia
1817
-11
🇬🇪 Britons · Georgia
1672
-7
🇬🇧 Cumans · United Kingdom
1646
-6
willdbeast
8:10 Feudal Age
9:03 Double-Bit Axe
9:27 Horse Collar
18:54 Castle Age
18:35 Wheelbarrow
18:42 Loom
19:56 Hand Cart
19:54 Bow Saw
19:44 Heavy Plow
19:44 Gold Mining
21:02 Town Watch
26:54 Imperial Age
24:41 Scale Barding Armor
25:32 Gold Shaft Mining
25:49 Forging
25:00 Light Cavalry
25:50 Bloodlines
26:09 Chain Barding Armor
25:41 Stone Mining
28:15 Iron Casting
27:18 Elite Steppe Lancer
29:56 Blast Furnace
30:14 Plate Barding Armor
30:44 Cavalier
32:23 Conscription
34:52 Fletching
36:00 Bodkin Arrow
36:08 Town Patrol
35:51 Paladin
38:11 Capped Ram
38:55 Bodkin Arrow
39:17 Siege Ram
41:56 Masonry
42:26 Ballistics
46:58 Chemistry
Kaydos
10:15 Feudal Age
13:54 Castle Age
12:03 Double-Bit Axe
11:59 Horse Collar
15:17 Bow Saw
16:15 Heavy Plow
19:20 Town Watch
20:10 Wheelbarrow
20:38 Heavy Plow
21:37 Hand Cart
21:56 Fletching
22:54 Bodkin Arrow
23:29 Padded Archer Armor
23:32 Gold Mining
25:04 Husbandry
25:33 Ballistics
26:04 Devotion
26:53 Leather Archer Armor
27:58 Loom
27:58 Town Watch
30:54 Bloodlines
41:46 Imperial Age
42:12 Fortified Wall
42:37 Caravan
42:58 Bracer
44:00 Chemistry
42:22 Cranequins
42:57 Heavy Mounted Crossbowman
44:08 Ring Archer Armor
[TMG] purple
10:47 Feudal Age
12:14 Double-Bit Axe
12:33 Horse Collar
15:00 Castle Age
13:46 Stone Mining
15:51 Bow Saw
16:05 Loom
16:17 Fletching
18:28 Gold Mining
20:25 Bodkin Arrow
23:13 Padded Archer Armor
28:38 Ballistics
30:36 Wheelbarrow
31:34 Heavy Plow
36:04 Imperial Age
35:00 Gold Shaft Mining
35:19 Leather Archer Armor
37:11 Hand Cart
36:59 Bracer
37:29 Ring Archer Armor
38:35 Chemistry
38:50 Ring Archer Armor
38:31 Forging
38:55 Caravan
39:10 Elite Longbowman
39:12 Pikeman
39:53 Squires
39:56 Scale Mail Armor
40:27 Conscription
40:53 Yeomen
41:06 Halberdier
43:14 Two-Man Saw
Jan Itor
10:55 Feudal Age
11:58 Double-Bit Axe
11:54 Horse Collar
14:52 Castle Age
15:56 Bow Saw
16:07 Heavy Plow
20:08 Wheelbarrow
21:41 Loom
27:25 Imperial Age
25:00 Gold Mining
25:13 Town Watch
25:50 Stone Mining
26:20 Hand Cart
27:05 Scale Mail Armor
28:04 Chain Mail Armor
28:21 Siege Engineers
28:43 Conscription
28:32 Squires
27:56 Man-at-Arms
28:32 Gambesons
28:41 Long Swordsman
29:33 Forging
29:19 Two-Handed Swordsman
30:42 Ballistics
30:04 Hamask
30:25 Heavy Scorpion
31:28 Champion
32:32 Onager
33:19 Northmen's Fury
35:24 Coinage
34:32 Siege Onager
34:42 Pikeman
35:57 Halberdier
38:10 Plate Mail Armor
38:43 Caravan
39:49 Coinage
42:20 Iron Casting
42:18 Banking
44:02 Blast Furnace
[LuB]夢夢
10:38 Feudal Age
14:28 Castle Age
12:40 Double-Bit Axe
13:09 Horse Collar
15:25 Bow Saw
15:16 Heavy Plow
19:19 Wheelbarrow
20:13 Loom
21:42 Gold Mining
22:10 Szlachta Privileges
22:56 Scale Barding Armor
23:41 Bloodlines
23:45 Forging
24:09 Husbandry
24:49 Chain Barding Armor
26:57 Iron Casting
28:51 Stone Mining
32:32 Imperial Age
32:37 Cavalier
34:22 Blast Furnace
34:03 Hand Cart
33:33 Town Watch
37:01 Crop Rotation
38:24 Coinage
37:38 Light Cavalry
38:43 Conscription
40:59 Winged Hussar
43:10 Lechitic Legacy
43:10 Caravan
GKT_Cloud
10:28 Feudal Age
11:06 Horse Collar
14:02 Castle Age
12:03 Double-Bit Axe
15:02 Bow Saw
17:29 Wheelbarrow
21:47 Loom
22:27 Hand Cart
23:00 Gold Mining
27:56 Imperial Age
24:50 Man-at-Arms
25:49 Squires
25:34 Long Swordsman
26:00 Gambesons
26:02 Arson
26:19 Scale Mail Armor
26:50 Forging
27:42 Heavy Plow
27:59 Chain Mail Armor
27:59 Two-Handed Swordsman
29:18 Plate Mail Armor
28:41 Capped Ram
28:46 Champion
29:26 Hamask
30:26 Conscription
31:17 Iron Casting
31:00 Siege Ram
32:59 Blast Furnace
34:53 Siege Engineers
34:29 Onager
35:58 Northmen's Fury
36:42 Town Watch
37:42 Siege Onager
44:21 Fletching
45:38 Coinage
45:10 Caravan
LeeChia
10:47 Feudal Age
11:40 Double-Bit Axe
14:27 Castle Age
14:10 Horse Collar
14:33 Loom
16:26 Bow Saw
19:03 Fletching
20:13 Gold Mining
22:12 Town Watch
25:55 Wheelbarrow
30:37 Stone Mining
32:26 Scale Barding Armor
35:18 Imperial Age
33:10 Forging
34:16 Chain Barding Armor
34:49 Bloodlines
34:40 Husbandry
36:00 Iron Casting
35:47 Heavy Plow
35:21 Cavalier
36:39 Plate Barding Armor
37:15 Hand Cart
38:00 Paladin
39:49 Iron Casting
41:30 Blast Furnace
41:22 Light Cavalry
42:42 Conscription
43:12 Hussar
45:08 Caravan
46:24 Supremacy
[LuB]a61
12:11 Feudal Age
12:45 Double-Bit Axe
12:42 Horse Collar
12:53 Gold Mining
15:44 Castle Age
20:14 Imperial Age
18:25 Bow Saw
24:51 Sanctity
27:18 Wheelbarrow
26:32 Loom
28:17 Fletching
28:40 Padded Archer Armor
28:57 Stone Mining
29:36 Bodkin Arrow
30:23 Bracer
31:17 Hand Cart
31:25 Heavy Cavalry Archer
33:05 Leather Archer Armor
33:31 Thumb Ring
34:30 Ballistics
36:04 Sipahi
36:51 Ring Archer Armor
38:22 Conscription
38:28 Parthian Tactics
39:35 Bloodlines
39:26 Husbandry
41:47 Scale Barding Armor
42:45 Heavy Plow
44:08 Two-Man Saw
44:19 Chain Barding Armor
46:57 Plate Barding Armor
46:31 Town Watch
47:00 Forging
Connection lost

Rejoining the realm…

Still unreachable

The connection could not be restored.

Session expired

The server has moved on; the page needs a fresh start.